Avalanche vs Flames

Created - February 5 2008 at 19:27

Goals
1 2 3 T
Avalanche 0 0 0 0
Flames 2 0 1 3
Shots
1 2 3 T
Avalanche 5 7 10 22
Flames 16 8 10 34

Period #1

1. Flames , Jarome Iginla 24 (Daymond Langkow) at 17:38
2. Flames , Jaroslav Modry 4 (Bill Guerin, Kristian Huselius) at 19:11 (PP)

Penalties :
Kurt Sauer (COL) for Roughing (Double Minor) at 1:41, Joni Pitkanen (COL) for High sticking (Minor) at 13:13, Mike Modano (COL) for Slashing (Minor) at 17:43

Period #2

No Goal

Penalties :
Dion Phaneuf (CGY) for Tripping (Minor) at 5:40, Craig Conroy (COL) for Holding (Minor) at 15:08

Period #3

3. Flames , Jarome Iginla 25 (Daymond Langkow, Alex Tanguay) at 2:15

Penalties :
Wojtek Wolski (COL) for Cross-checking (Minor) at 7:23, Derek Armstrong (CGY) for Hooking (Minor) at 10:46, Dion Phaneuf (CGY) for Interference (Minor) at 11:49, Dion Phaneuf (CGY) for Interference (Minor) at 15:31, Craig Conroy (COL) for Hooking (Minor) at 15:31, Andrew Ference (CGY) for Hooking (Minor) at 17:07, Mark Recchi (COL) for Hooking (Minor) at 17:07, Kristian Huselius (CGY) for Hooking (Minor) at 18:46

Goalie Stats

Mike Smith (COL), 31 saves from 34 shots - (0.912), L, 15-21-7, 60:00 minutes
Miikka Kiprusoff (CGY), 22 saves from 22 shots - (1.000), W, 29-16-0, 60:00 minutes

Players Stats

Avalanche
Player Name              G  A  P  +/- PIM S  H  SB FO MP 
-----------------------------------------------------------
Bill Thomas              0  0  0   0  0   0  0  0  1  6  
Brandon Bochenski        0  0  0  -1  0   2  0  0  0  11 
Brett Mclean             0  0  0   0  0   2  1  0  10 11 
Craig Conroy             0  0  0  -1  4   0  0  0  15 12 
Gary Roberts             0  0  0  -1  0   4  1  0  2  16 
Joni Pitkanen            0  0  0   0  2   1  0  0  0  19 
Karlis Skrastins         0  0  0  -1  0   0  1  3  0  19 
Keith Ballard            0  0  0  -1  0   1  2  2  0  24 
Kevin Klein              0  0  0   0  0   0  0  0  0  19 
Kurt Sauer               0  0  0  -1  4   2  2  1  0  19 
Mark Recchi              0  0  0   0  2   1  3  0  1  16 
Martin Rucinsky          0  0  0  -1  0   1  0  0  2  14 
Martin Straka            0  0  0   0  0   3  1  0  3  18 
Mike Modano              0  0  0   0  2   1  2  0  31 22 
Patrick Sharp            0  0  0  -1  0   2  2  0  24 24 
Randy Jones              0  0  0  -1  0   0  0  1  0  24 
Sergei Brylin            0  0  0   0  0   0  1  0  0  11 
Wojtek Wolski            0  0  0  -1  2   2  1  0  2  16 
Flames
Player Name              G  A  P  +/- PIM S  H  SB FO MP 
-----------------------------------------------------------
Alex Tanguay             0  1  1   2  0   5  1  0  4  16 
Andrew Ference           0  0  0   0  2   0  0  0  0  18 
Bill Guerin              0  1  1   0  0   4  1  0  0  18 
Daymond Langkow          0  2  2   2  0   0  1  0  28 19 
Derek Armstrong          0  0  0   0  2   1  1  0  15 15 
Dion Phaneuf             0  0  0   1  6   1  6  0  0  22 
Jarome Iginla            2  0  2   2  0   4  1  0  3  17 
Jaroslav Modry           1  0  1   1  0   3  0  0  0  23 
Jussi Jokinen            0  0  0   0  0   2  1  0  2  14 
Kristian Huselius        0  1  1   0  2   3  2  0  1  20 
Marcus Nilson            0  0  0   0  0   0  0  0  0  10 
Marek Svatos             0  0  0   0  0   3  0  0  0  14 
Matthew Lombardi         0  0  0   0  0   3  0  0  19 18 
Mike Johnson             0  0  0   0  0   1  2  0  0  10 
Rhett Warrener           0  0  0   0  0   1  1  0  0  14 
Robyn Regehr             0  0  0   1  0   1  0  2  0  23 
Roman Hamrlik            0  0  0   1  0   1  0  1  0  24 
Stephane Yelle           0  0  0   0  0   1  0  0  19 11 

3 Stars

1 - Miikka Kiprusoff (CGY)
2 - Jarome Iginla (CGY)
3 - Daymond Langkow (CGY)

Power Play

Avalanche - 0 on 4 Attempt(s) - 0.00%
Flames - 1 on 5 Attempt(s) - 20.00%

Penalty Kill

Avalanche - 4 on 5 Attempt(s) - 80.00% - Score 0 goal in Penalty Kill
Flames - 4 on 4 Attempt(s) - 100.00% - Score 0 goal in Penalty Kill

Game Notes

No Game Note

Finance

Level 1 -- Attendance: 5615 (86.38%) -- Ticket Income $505,350.00
Level 2 -- Attendance: 4906 (89.20%) -- Ticket Income $269,830.00
Level 3 -- Attendance: 1776 (63.77%) -- Ticket Income $53,280.00
Level 4 -- Attendance: 3903 (97.58%) -- Ticket Income $78,060.00
Luxury Box -- Attendance: 1016 (81.28%) -- Ticket Income $121,920.00
Game was played at the Pengrowth Saddledome
Total Attendance: 17216 (85.93%)
Total Ticket Income: $1,037,758.00
Other Income: $164,677.80
Total Income: $1,202,436.00


Play by Play

Period #1

0:01 of 1st period - Alex Tanguay wins face-off versus Mike Modano in neutral zone.
0:04 of 1st period - Kevin Klein is hit by Daymond Langkow.
0:05 of 1st period - Icing by Kevin Klein.
0:06 of 1st period - Mike Modano wins face-off versus Matthew Lombardi in Avalanche zone.
0:40 of 1st period - Shot by Mark Recchi.
0:40 of 1st period - Shot Misses the Net.
0:44 of 1st period - Shot by Martin Straka.
0:44 of 1st period - Deflect By Mark Recchi.
0:44 of 1st period - Shot Misses the Net.
0:46 of 1st period - Shot by Mark Recchi.
0:46 of 1st period - Shot Misses the Net.
1:31 of 1st period - Shot by Brandon Bochenski.
1:31 of 1st period - Stopped by Miikka Kiprusoff without a rebound.
1:32 of 1st period - Patrick Sharp wins face-off versus Daymond Langkow in Flames zone.
1:32 of 1st period - Martin Rucinsky is hit by Dion Phaneuf.
1:41 of 1st period - Double Minor Penalty to Kurt Sauer for Roughing.
1:42 of 1st period - Daymond Langkow wins face-off versus Brett Mclean in Avalanche zone.
1:55 of 1st period - Shot by Jarome Iginla.
1:55 of 1st period - Shot Misses the Net.
2:03 of 1st period - Shot by Roman Hamrlik.
2:03 of 1st period - Stopped by Mike Smith without a rebound.
2:04 of 1st period - Mike Modano wins face-off versus Daymond Langkow in Avalanche zone.
2:56 of 1st period - Shot by Bill Guerin.
2:56 of 1st period - Shot Blocked by Karlis Skrastins.
2:58 of 1st period - Shot by Kristian Huselius.
2:58 of 1st period - Shot Blocked by Karlis Skrastins.
3:00 of 1st period - Shot by Jaroslav Modry.
3:00 of 1st period - Stopped by Mike Smith without a rebound.
3:01 of 1st period - Daymond Langkow wins face-off versus Mike Modano in Avalanche zone.
3:02 of 1st period - Shot by Dion Phaneuf.
3:02 of 1st period - Shot Misses the Net.
3:04 of 1st period - Shot by Roman Hamrlik.
3:04 of 1st period - Shot Blocked by Keith Ballard.
3:08 of 1st period - Shot by Jarome Iginla.
3:08 of 1st period - Stopped by Mike Smith without a rebound.
3:09 of 1st period - Daymond Langkow wins face-off versus Mike Modano in Avalanche zone.
3:27 of 1st period - Daymond Langkow is hit by Keith Ballard and loses puck.
3:38 of 1st period - Shot by Jarome Iginla.
3:38 of 1st period - Shot Misses the Net.
5:06 of 1st period - Shot by Andrew Ference.
5:06 of 1st period - Shot Misses the Net.
5:12 of 1st period - Shot by Stephane Yelle.
5:12 of 1st period - Stopped by Mike Smith without a rebound.
5:13 of 1st period - Daymond Langkow wins face-off versus Brett Mclean in Avalanche zone.
5:40 of 1st period - Icing by Daymond Langkow.
5:41 of 1st period - Patrick Sharp wins face-off versus Derek Armstrong in Flames zone.
5:41 of 1st period - Martin Rucinsky is hit by Rhett Warrener and loses puck.
6:02 of 1st period - Shot by Martin Rucinsky.
6:02 of 1st period - Shot Misses the Net.
7:20 of 1st period - Shot by Bill Guerin.
7:20 of 1st period - Shot Misses the Net.
7:44 of 1st period - Shot by Mark Recchi.
7:44 of 1st period - Shot Misses the Net.
8:17 of 1st period - Shot by Marek Svatos.
8:17 of 1st period - Shot Misses the Net.
8:31 of 1st period - Shot by Martin Rucinsky.
8:31 of 1st period - Shot Misses the Net.
8:33 of 1st period - Shot by Gary Roberts.
8:33 of 1st period - Shot Misses the Net.
9:18 of 1st period - Shot by Brett Mclean.
9:18 of 1st period - Stopped by Miikka Kiprusoff without a rebound.
9:19 of 1st period - Daymond Langkow wins face-off versus Mike Modano in Flames zone.
9:19 of 1st period - Daymond Langkow is hit by Mark Recchi.
9:29 of 1st period - Shot by Jarome Iginla.
9:29 of 1st period - Stopped by Mike Smith with a rebound.
10:18 of 1st period - Icing by Wojtek Wolski.
10:19 of 1st period - Matthew Lombardi wins face-off versus Craig Conroy in Avalanche zone.
10:20 of 1st period - Shot by Kristian Huselius.
10:20 of 1st period - Shot Misses the Net.
10:22 of 1st period - Shot by Matthew Lombardi.
10:22 of 1st period - Stopped by Mike Smith without a rebound.
10:23 of 1st period - Matthew Lombardi wins face-off versus Patrick Sharp in Avalanche zone.
10:48 of 1st period - Shot by Bill Guerin.
10:48 of 1st period - Stopped by Mike Smith without a rebound.
10:49 of 1st period - Brett Mclean wins face-off versus Stephane Yelle in Avalanche zone.
10:54 of 1st period - Mike Johnson is hit by Sergei Brylin.
11:07 of 1st period - Off-side.
11:08 of 1st period - Matthew Lombardi wins face-off versus Mike Modano in neutral zone.
11:08 of 1st period - Kristian Huselius is hit by Mike Modano and loses puck.
11:21 of 1st period - Shot by Mike Modano.
11:21 of 1st period - Stopped by Miikka Kiprusoff without a rebound.
11:22 of 1st period - Patrick Sharp wins face-off versus Daymond Langkow in Flames zone.
11:54 of 1st period - Shot by Jarome Iginla.
11:54 of 1st period - Shot Hit the Post.
12:18 of 1st period - Kristian Huselius is hit by Kurt Sauer and loses puck.
12:29 of 1st period - Shot by Matthew Lombardi.
12:29 of 1st period - Stopped by Mike Smith without a rebound.
12:30 of 1st period - Derek Armstrong wins face-off versus Craig Conroy in Avalanche zone.
12:57 of 1st period - Shot by Wojtek Wolski.
12:57 of 1st period - Stopped by Miikka Kiprusoff without a rebound.
12:58 of 1st period - Mike Modano wins face-off versus Matthew Lombardi in Flames zone.
13:03 of 1st period - Shot by Joni Pitkanen.
13:03 of 1st period - Shot Blocked by Robyn Regehr.
13:13 of 1st period - Minor Penalty to Joni Pitkanen for High sticking.
13:14 of 1st period - Mike Modano wins face-off versus Daymond Langkow in Avalanche zone.
13:42 of 1st period - Shot by Dion Phaneuf.
13:42 of 1st period - Shot Blocked by Keith Ballard.
14:20 of 1st period - Shot by Kristian Huselius.
14:20 of 1st period - Stopped by Mike Smith without a rebound.
14:21 of 1st period - Matthew Lombardi wins face-off versus Brett Mclean in Avalanche zone.
14:34 of 1st period - Shot by Matthew Lombardi.
14:34 of 1st period - Stopped by Mike Smith without a rebound.
14:35 of 1st period - Mike Modano wins face-off versus Daymond Langkow in Avalanche zone.
14:56 of 1st period - Shot by Jarome Iginla.
14:56 of 1st period - Shot Blocked by Kurt Sauer.
15:00 of 1st period - Shot by Alex Tanguay.
15:00 of 1st period - Stopped by Mike Smith without a rebound.
15:01 of 1st period - Matthew Lombardi wins face-off versus Mike Modano in Avalanche zone.
15:22 of 1st period - Off-side.
15:23 of 1st period - Gary Roberts wins face-off versus Derek Armstrong in neutral zone.
16:07 of 1st period - Off-side.
16:08 of 1st period - Craig Conroy wins face-off versus Matthew Lombardi in neutral zone.
16:11 of 1st period - Shot by Wojtek Wolski.
16:11 of 1st period - Deflect By Brandon Bochenski.
16:11 of 1st period - Shot Hit the Post.
17:09 of 1st period - Off-side.
17:10 of 1st period - Patrick Sharp wins face-off versus Stephane Yelle in neutral zone.
17:20 of 1st period - Icing by Kurt Sauer.
17:21 of 1st period - Patrick Sharp wins face-off versus Daymond Langkow in Avalanche zone.
17:32 of 1st period - Shot by Patrick Sharp.
17:32 of 1st period - Shot Misses the Net.
17:38 of 1st period - Shot by Jarome Iginla.
17:38 of 1st period - Goal by Jarome Iginla - Avalanche : 0 - Flames : 1.
17:39 of 1st period - Derek Armstrong wins face-off versus Mike Modano in neutral zone.
17:43 of 1st period - Minor Penalty to Mike Modano for Slashing.
17:44 of 1st period - Daymond Langkow wins face-off versus Martin Straka in neutral zone.
18:15 of 1st period - Shot by Jarome Iginla.
18:15 of 1st period - Shot Blocked by Karlis Skrastins.
18:17 of 1st period - Shot by Alex Tanguay.
18:17 of 1st period - Shot Misses the Net.
18:19 of 1st period - Shot by Daymond Langkow.
18:19 of 1st period - Deflect By Jarome Iginla.
18:19 of 1st period - Shot Misses the Net.
18:21 of 1st period - Shot by Alex Tanguay.
18:21 of 1st period - Deflect By Daymond Langkow.
18:21 of 1st period - Shot Misses the Net.
18:31 of 1st period - Shot by Bill Guerin.
18:31 of 1st period - Shot Misses the Net.
18:33 of 1st period - Shot by Robyn Regehr.
18:33 of 1st period - Stopped by Mike Smith without a rebound.
18:34 of 1st period - Matthew Lombardi wins face-off versus Martin Straka in Avalanche zone.
18:39 of 1st period - Shot by Kristian Huselius.
18:39 of 1st period - Stopped by Mike Smith with a rebound.
18:41 of 1st period - Shot by Kristian Huselius.
18:41 of 1st period - Shot Misses the Net.
18:45 of 1st period - Shot by Bill Guerin.
18:45 of 1st period - Shot Blocked by Randy Jones.
19:11 of 1st period - Shot by Jaroslav Modry.
19:11 of 1st period - Goal by Jaroslav Modry - Avalanche : 0 - Flames : 2.
19:12 of 1st period - Mike Modano wins face-off versus Derek Armstrong in neutral zone.
19:24 of 1st period - Shot by Jussi Jokinen.
19:24 of 1st period - Stopped by Mike Smith without a rebound.
19:25 of 1st period - Stephane Yelle wins face-off versus Martin Rucinsky in Avalanche zone.
19:52 of 1st period - Shot by Patrick Sharp.
19:52 of 1st period - Stopped by Miikka Kiprusoff without a rebound.
19:53 of 1st period - Derek Armstrong wins face-off versus Mike Modano in Flames zone.

Period #2

0:01 of 2nd period - Daymond Langkow wins face-off versus Mike Modano in neutral zone.
0:20 of 2nd period - Shot by Martin Straka.
0:20 of 2nd period - Shot Misses the Net.
0:30 of 2nd period - Shot by Mark Recchi.
0:30 of 2nd period - Shot Misses the Net.
0:32 of 2nd period - Shot by Kevin Klein.
0:32 of 2nd period - Shot Misses the Net.
0:34 of 2nd period - Shot by Martin Straka.
0:34 of 2nd period - Stopped by Miikka Kiprusoff with a rebound.
0:36 of 2nd period - Shot by Mike Modano.
0:36 of 2nd period - Shot Misses the Net.
0:45 of 2nd period - Off-side.
0:46 of 2nd period - Matthew Lombardi wins face-off versus Craig Conroy in neutral zone.
1:13 of 2nd period - Icing by Kristian Huselius.
1:14 of 2nd period - Matthew Lombardi wins face-off versus Gary Roberts in Flames zone.
1:14 of 2nd period - Matthew Lombardi is hit by Gary Roberts.
1:45 of 2nd period - Icing by Karlis Skrastins.
1:46 of 2nd period - Martin Rucinsky wins face-off versus Jussi Jokinen in Avalanche zone.
2:11 of 2nd period - Off-side.
2:12 of 2nd period - Daymond Langkow wins face-off versus Brett Mclean in neutral zone.
3:07 of 2nd period - Shot by Martin Straka.
3:07 of 2nd period - Stopped by Miikka Kiprusoff without a rebound.
3:08 of 2nd period - Mike Modano wins face-off versus Matthew Lombardi in Flames zone.
3:35 of 2nd period - Kristian Huselius is hit by Mark Recchi and loses puck.
4:09 of 2nd period - Matthew Lombardi is hit by Kurt Sauer and loses puck.
4:30 of 2nd period - Icing by Karlis Skrastins.
4:31 of 2nd period - Patrick Sharp wins face-off versus Derek Armstrong in Avalanche zone.
4:31 of 2nd period - Patrick Sharp is hit by Jussi Jokinen.
4:39 of 2nd period - Derek Armstrong is hit by Patrick Sharp and loses puck.
5:28 of 2nd period - Shot by Jarome Iginla.
5:28 of 2nd period - Shot Misses the Net.
5:30 of 2nd period - Shot by Alex Tanguay.
5:30 of 2nd period - Stopped by Mike Smith without a rebound.
5:31 of 2nd period - Mike Modano wins face-off versus Stephane Yelle in Avalanche zone.
5:31 of 2nd period - Mike Modano is hit by Mike Johnson.
5:40 of 2nd period - Minor Penalty to Dion Phaneuf for Tripping.
5:41 of 2nd period - Stephane Yelle wins face-off versus Patrick Sharp in Flames zone.
5:41 of 2nd period - Stephane Yelle is hit by Patrick Sharp.
6:00 of 2nd period - Shot by Joni Pitkanen.
6:00 of 2nd period - Stopped by Miikka Kiprusoff with a rebound.
6:02 of 2nd period - Shot by Randy Jones.
6:02 of 2nd period - Shot Misses the Net.
6:04 of 2nd period - Shot by Randy Jones.
6:04 of 2nd period - Shot Hit the Post.
6:27 of 2nd period - Icing by Keith Ballard.
6:28 of 2nd period - Daymond Langkow wins face-off versus Mike Modano in Avalanche zone.
7:42 of 2nd period - Shot by Patrick Sharp.
7:42 of 2nd period - Stopped by Miikka Kiprusoff without a rebound.
7:43 of 2nd period - Brett Mclean wins face-off versus Derek Armstrong in Flames zone.
8:00 of 2nd period - Shot by Sergei Brylin.
8:00 of 2nd period - Deflect By Brett Mclean.
8:00 of 2nd period - Stopped by Miikka Kiprusoff without a rebound.
8:01 of 2nd period - Patrick Sharp wins face-off versus Matthew Lombardi in Flames zone.
8:12 of 2nd period - Shot by Gary Roberts.
8:12 of 2nd period - Shot Misses the Net.
8:55 of 2nd period - Icing by Daymond Langkow.
8:56 of 2nd period - Mike Modano wins face-off versus Alex Tanguay in Flames zone.
9:17 of 2nd period - Off-side.
9:18 of 2nd period - Derek Armstrong wins face-off versus Craig Conroy in neutral zone.
9:33 of 2nd period - Shot by Wojtek Wolski.
9:33 of 2nd period - Shot Misses the Net.
9:35 of 2nd period - Shot by Wojtek Wolski.
9:35 of 2nd period - Shot Misses the Net.
9:39 of 2nd period - Shot by Wojtek Wolski.
9:39 of 2nd period - Shot Misses the Net.
9:41 of 2nd period - Shot by Craig Conroy.
9:41 of 2nd period - Deflect By Wojtek Wolski.
9:41 of 2nd period - Shot Misses the Net.
9:45 of 2nd period - Shot by Wojtek Wolski.
9:45 of 2nd period - Stopped by Miikka Kiprusoff without a rebound.
9:46 of 2nd period - Martin Straka wins face-off versus Stephane Yelle in Flames zone.
9:46 of 2nd period - Martin Straka is hit by Dion Phaneuf.
10:06 of 2nd period - Off-side.
10:07 of 2nd period - Matthew Lombardi wins face-off versus Brett Mclean in neutral zone.
10:32 of 2nd period - Jaroslav Modry is hit by Brett Mclean and loses puck.
10:43 of 2nd period - Shot by Kristian Huselius.
10:43 of 2nd period - Shot Misses the Net.
10:52 of 2nd period - Randy Jones is hit by Bill Guerin and loses puck.
11:47 of 2nd period - Kevin Klein is hit by Derek Armstrong and loses puck.
12:00 of 2nd period - Marek Svatos is hit by Martin Straka and loses puck.
12:17 of 2nd period - Shot by Patrick Sharp.
12:17 of 2nd period - Shot Misses the Net.
12:21 of 2nd period - Shot by Martin Rucinsky.
12:21 of 2nd period - Deflect By Gary Roberts.
12:21 of 2nd period - Stopped by Miikka Kiprusoff without a rebound.
12:22 of 2nd period - Daymond Langkow wins face-off versus Patrick Sharp in Flames zone.
12:39 of 2nd period - Shot by Alex Tanguay.
12:39 of 2nd period - Stopped by Mike Smith without a rebound.
12:40 of 2nd period - Stephane Yelle wins face-off versus Craig Conroy in Avalanche zone.
12:43 of 2nd period - Shot by Mike Johnson.
12:43 of 2nd period - Deflect By Stephane Yelle.
12:43 of 2nd period - Shot Misses the Net.
13:00 of 2nd period - Keith Ballard is hit by Dion Phaneuf and loses puck.
13:04 of 2nd period - Icing by Dion Phaneuf.
13:05 of 2nd period - Patrick Sharp wins face-off versus Stephane Yelle in Flames zone.
13:09 of 2nd period - Gary Roberts is hit by Dion Phaneuf and loses puck.
15:08 of 2nd period - Minor Penalty to Craig Conroy for Holding.
15:09 of 2nd period - Daymond Langkow wins face-off versus Brett Mclean in Flames zone.
16:22 of 2nd period - Shot by Jaroslav Modry.
16:22 of 2nd period - Stopped by Mike Smith with a rebound.
16:42 of 2nd period - Joni Pitkanen is hit by Jarome Iginla and loses puck.
16:51 of 2nd period - Shot by Jarome Iginla.
16:51 of 2nd period - Deflect By Alex Tanguay.
16:51 of 2nd period - Shot Misses the Net.
16:55 of 2nd period - Shot by Alex Tanguay.
16:55 of 2nd period - Stopped by Mike Smith with a rebound.
17:23 of 2nd period - Shot by Derek Armstrong.
17:23 of 2nd period - Stopped by Mike Smith with a rebound.
17:41 of 2nd period - Shot by Marek Svatos.
17:41 of 2nd period - Stopped by Mike Smith without a rebound.
17:42 of 2nd period - Stephane Yelle wins face-off versus Patrick Sharp in Avalanche zone.
18:01 of 2nd period - Shot by Stephane Yelle.
18:01 of 2nd period - Shot Misses the Net.
18:36 of 2nd period - Icing by Roman Hamrlik.
18:37 of 2nd period - Stephane Yelle wins face-off versus Mike Modano in Flames zone.
18:37 of 2nd period - Dion Phaneuf is hit by Mark Recchi and loses puck.
19:12 of 2nd period - Shot by Bill Guerin.
19:12 of 2nd period - Stopped by Mike Smith without a rebound.
19:13 of 2nd period - Derek Armstrong wins face-off versus Craig Conroy in Avalanche zone.
19:42 of 2nd period - Shot by Jussi Jokinen.
19:42 of 2nd period - Stopped by Mike Smith without a rebound.
19:43 of 2nd period - Patrick Sharp wins face-off versus Matthew Lombardi in Avalanche zone.
19:43 of 2nd period - Patrick Sharp is hit by Kristian Huselius.

Period #3

0:01 of 3rd period - Patrick Sharp wins face-off versus Derek Armstrong in neutral zone.
1:01 of 3rd period - Shot by Mike Johnson.
1:01 of 3rd period - Stopped by Mike Smith without a rebound.
1:02 of 3rd period - Daymond Langkow wins face-off versus Bill Thomas in Avalanche zone.
1:02 of 3rd period - Jarome Iginla is hit by Keith Ballard and loses puck.
1:34 of 3rd period - Sergei Brylin is hit by Dion Phaneuf and loses puck.
1:40 of 3rd period - Icing by Daymond Langkow.
1:41 of 3rd period - Daymond Langkow wins face-off versus Craig Conroy in Flames zone.
1:57 of 3rd period - Icing by Wojtek Wolski.
1:58 of 3rd period - Daymond Langkow wins face-off versus Craig Conroy in Avalanche zone.
2:15 of 3rd period - Shot by Jarome Iginla.
2:15 of 3rd period - Goal by Jarome Iginla - Avalanche : 0 - Flames : 3.
2:16 of 3rd period - Mike Modano wins face-off versus Jussi Jokinen in neutral zone.
3:33 of 3rd period - Kristian Huselius is hit by Karlis Skrastins.
3:37 of 3rd period - Shot by Bill Guerin.
3:37 of 3rd period - Stopped by Mike Smith with a rebound.
3:39 of 3rd period - Shot by Bill Guerin.
3:39 of 3rd period - Stopped by Mike Smith without a rebound.
3:40 of 3rd period - Stephane Yelle wins face-off versus Wojtek Wolski in Avalanche zone.
4:00 of 3rd period - Icing by Keith Ballard.
4:01 of 3rd period - Daymond Langkow wins face-off versus Craig Conroy in Avalanche zone.
5:10 of 3rd period - Shot by Kristian Huselius.
5:10 of 3rd period - Stopped by Mike Smith without a rebound.
5:11 of 3rd period - Derek Armstrong wins face-off versus Patrick Sharp in Avalanche zone.
5:12 of 3rd period - Shot by Marek Svatos.
5:12 of 3rd period - Stopped by Mike Smith without a rebound.
5:13 of 3rd period - Derek Armstrong wins face-off versus Patrick Sharp in Avalanche zone.
5:38 of 3rd period - Shot by Martin Rucinsky.
5:38 of 3rd period - Shot Misses the Net.
5:40 of 3rd period - Shot by Patrick Sharp.
5:40 of 3rd period - Shot Misses the Net.
5:42 of 3rd period - Shot by Kurt Sauer.
5:42 of 3rd period - Stopped by Miikka Kiprusoff with a rebound.
5:44 of 3rd period - Shot by Martin Rucinsky.
5:44 of 3rd period - Stopped by Miikka Kiprusoff without a rebound.
5:45 of 3rd period - Matthew Lombardi wins face-off versus Craig Conroy in Flames zone.
5:58 of 3rd period - Shot by Wojtek Wolski.
5:58 of 3rd period - Shot Misses the Net.
6:01 of 3rd period - Icing by Kristian Huselius.
6:02 of 3rd period - Matthew Lombardi wins face-off versus Mike Modano in Flames zone.
6:11 of 3rd period - Shot by Matthew Lombardi.
6:11 of 3rd period - Shot Misses the Net.
6:13 of 3rd period - Shot by Jaroslav Modry.
6:13 of 3rd period - Shot Misses the Net.
6:38 of 3rd period - Off-side.
6:39 of 3rd period - Derek Armstrong wins face-off versus Patrick Sharp in neutral zone.
6:42 of 3rd period - Shot by Rhett Warrener.
6:42 of 3rd period - Stopped by Mike Smith with a rebound.
6:56 of 3rd period - Shot by Gary Roberts.
6:56 of 3rd period - Stopped by Miikka Kiprusoff without a rebound.
6:57 of 3rd period - Craig Conroy wins face-off versus Daymond Langkow in Flames zone.
7:04 of 3rd period - Shot by Brandon Bochenski.
7:04 of 3rd period - Stopped by Miikka Kiprusoff without a rebound.
7:05 of 3rd period - Brett Mclean wins face-off versus Stephane Yelle in Flames zone.
7:08 of 3rd period - Shot by Sergei Brylin.
7:08 of 3rd period - Shot Misses the Net.
7:11 of 3rd period - Icing by Mike Johnson.
7:12 of 3rd period - Patrick Sharp wins face-off versus Stephane Yelle in Flames zone.
7:21 of 3rd period - Icing by Roman Hamrlik.
7:22 of 3rd period - Stephane Yelle wins face-off versus Craig Conroy in Flames zone.
7:22 of 3rd period - Stephane Yelle is hit by Wojtek Wolski.
7:23 of 3rd period - Minor Penalty to Wojtek Wolski for Cross-checking.
7:24 of 3rd period - Matthew Lombardi wins face-off versus Mike Modano in Flames zone.
8:04 of 3rd period - Shot by Bill Guerin.
8:04 of 3rd period - Shot Misses the Net.
8:15 of 3rd period - Icing by Jaroslav Modry.
8:16 of 3rd period - Mike Modano wins face-off versus Matthew Lombardi in Flames zone.
9:35 of 3rd period - Icing by Jussi Jokinen.
9:36 of 3rd period - Derek Armstrong wins face-off versus Mike Modano in Flames zone.
9:36 of 3rd period - Derek Armstrong is hit by Mike Modano.
9:52 of 3rd period - Shot by Marek Svatos.
9:52 of 3rd period - Stopped by Mike Smith without a rebound.
9:53 of 3rd period - Craig Conroy wins face-off versus Stephane Yelle in Avalanche zone.
10:08 of 3rd period - Wojtek Wolski is hit by Dion Phaneuf and loses puck.
10:46 of 3rd period - Minor Penalty to Derek Armstrong for Hooking.
10:47 of 3rd period - Daymond Langkow wins face-off versus Patrick Sharp in neutral zone.
11:49 of 3rd period - Minor Penalty to Dion Phaneuf for Interference.
11:50 of 3rd period - Daymond Langkow wins face-off versus Mark Recchi in Flames zone.
12:10 of 3rd period - Icing by Gary Roberts.
12:11 of 3rd period - Mike Modano wins face-off versus Stephane Yelle in Avalanche zone.
13:13 of 3rd period - Shot by Keith Ballard.
13:13 of 3rd period - Stopped by Miikka Kiprusoff without a rebound.
13:14 of 3rd period - Daymond Langkow wins face-off versus Mike Modano in Flames zone.
13:36 of 3rd period - Shot by Gary Roberts.
13:36 of 3rd period - Stopped by Miikka Kiprusoff with a rebound.
13:38 of 3rd period - Shot by Kurt Sauer.
13:38 of 3rd period - Stopped by Miikka Kiprusoff without a rebound.
13:39 of 3rd period - Daymond Langkow wins face-off versus Patrick Sharp in Flames zone.
15:07 of 3rd period - Icing by Keith Ballard.
15:08 of 3rd period - Brett Mclean wins face-off versus Daymond Langkow in Avalanche zone.
15:12 of 3rd period - Off-side.
15:13 of 3rd period - Mike Modano wins face-off versus Stephane Yelle in neutral zone.
15:13 of 3rd period - Kevin Klein is hit by Mike Johnson and loses puck.
15:26 of 3rd period - Shot by Martin Straka.
15:26 of 3rd period - Stopped by Miikka Kiprusoff without a rebound.
15:27 of 3rd period - Craig Conroy wins face-off versus Daymond Langkow in Flames zone.
15:31 of 3rd period - Minor Penalty to Dion Phaneuf for Interference.
15:31 of 3rd period - Minor Penalty to Craig Conroy for Hooking.
15:32 of 3rd period - Jarome Iginla wins face-off versus Mike Modano in Flames zone.
16:24 of 3rd period - Off-side.
16:25 of 3rd period - Patrick Sharp wins face-off versus Alex Tanguay in neutral zone.
16:27 of 3rd period - Mark Recchi is hit by Alex Tanguay and loses puck.
17:07 of 3rd period - Minor Penalty to Andrew Ference for Hooking.
17:07 of 3rd period - Minor Penalty to Mark Recchi for Hooking.
17:08 of 3rd period - Jarome Iginla wins face-off versus Mike Modano in Flames zone.
17:34 of 3rd period - Shot by Wojtek Wolski.
17:34 of 3rd period - Shot Misses the Net.
17:56 of 3rd period - Off-side.
17:57 of 3rd period - Kristian Huselius wins face-off versus Patrick Sharp in neutral zone.
18:04 of 3rd period - Shot by Alex Tanguay.
18:04 of 3rd period - Stopped by Mike Smith without a rebound.
18:05 of 3rd period - Jarome Iginla wins face-off versus Patrick Sharp in Avalanche zone.
18:12 of 3rd period - Shot by Jarome Iginla.
18:12 of 3rd period - Deflect By Daymond Langkow.
18:12 of 3rd period - Shot Misses the Net.
18:14 of 3rd period - Shot by Dion Phaneuf.
18:14 of 3rd period - Stopped by Mike Smith without a rebound.
18:15 of 3rd period - Patrick Sharp wins face-off versus Alex Tanguay in Avalanche zone.
18:15 of 3rd period - Patrick Sharp is hit by Kristian Huselius.
18:46 of 3rd period - Minor Penalty to Kristian Huselius for Hooking.
18:47 of 3rd period - Stephane Yelle wins face-off versus Mike Modano in neutral zone.
19:20 of 3rd period - Shot by Mark Recchi.
19:20 of 3rd period - Stopped by Miikka Kiprusoff with a rebound.
19:24 of 3rd period - Shot by Randy Jones.
19:24 of 3rd period - Shot Hit the Post.
19:26 of 3rd period - Shot by Mike Modano.
19:26 of 3rd period - Shot Misses the Net.
19:28 of 3rd period - Shot by Kurt Sauer.
19:28 of 3rd period - Shot Blocked by Robyn Regehr.
19:32 of 3rd period - Shot by Gary Roberts.
19:32 of 3rd period - Stopped by Miikka Kiprusoff without a rebound.
19:33 of 3rd period - Wojtek Wolski wins face-off versus Stephane Yelle in Flames zone.
19:40 of 3rd period - Shot by Joni Pitkanen.
19:40 of 3rd period - Shot Blocked by Roman Hamrlik.


Output by the SimonT Hockey Simulator (STHS) for Stephane Roy -- Original Page W3C XHTML 1.0 Valid